 Dungeon Crawl Stone Soup version 0.29.1-2-gbd0b4ee654 (webtiles) character file.

Game seed: 8351274703394025444

17 xian the Sneak (level 2, -1/19 HPs)
             Began as an Octopode Brigand on Nov 22, 2022.
             Was a Follower of Fedhas.
             Slain by a jackal (2 damage)
             ... on level 1 of the Dungeon.
             The game lasted 00:00:53 (617 turns).

xian the Sneak (Octopode Brigand)                    Turns: 617, Time: 00:00:55

Health: -1/19      AC:  1    Str: 10    XL:     2   Next: 62%
Magic:  2/2        EV: 12    Int: 13    God:    Fedhas [*.....]
Gold:   21         SH:  0    Dex: 13    Spells: 1/1 levels left

rFire   . . .      SeeInvis .   a - +2 dagger
rCold   . . .      Faith    .   (no shield)
rNeg    . . .      Spirit   .   (helmet restricted)
rPois   .          Reflect  .   (no amulet)
rElec   .          Harm     .   (no ring)
rCorr   .          Rampage  .   (no ring)
Will    .....                   (no ring)
Stlth   ++++......              (no ring)
HPRegen 0.06/turn               (no ring)
MPRegen 0.08/turn               (no ring)
                                (no ring)
                                (no ring)

@: no status effects
A: almost no armour, amphibious, 8 rings, camouflage 1, gelatinous body 1,
(nimble swimmer 1), tentacles
a: Renounce Religion


You were on level 1 of the Dungeon.
You worshipped Fedhas.
Fedhas was aware of your devotion.
You visited 1 branch of the dungeon, and saw 1 of its levels.

You collected 21 gold pieces.

Inventory:

Hand Weapons
 a - a +2 dagger (weapon)
Missiles
 b - 9 poisoned darts (quivered)
 c - 3 curare-tipped darts
Scrolls
 e - a scroll of identify {unknown}
Potions
 d - a potion of lignification {unknown}
 f - a potion of haste {unknown}


   Skills:
 + Level 2.0 Fighting
 + Level 2.3 Short Blades
 + Level 2.2 Throwing
 + Level 1.0 Dodging
 + Level 5.9 Stealth


You had one spell level left.
You didn't know any spells.
Your spell library was empty.

Dungeon Overview and Level Annotations

Branches:
Dungeon (1/15)

Altars:
Fedhas


Innate Abilities, Weirdness & Mutations

You cannot wear most types of armour.
You are amphibious.
You can wear up to eight rings at the same time.
Your skin changes colour to match your surroundings (Stealth+).
Your rubbery body absorbs attacks. (AC +1, EV +1)
((You are camouflaged when in or above water. (Stealth+)))
You have tentacles for arms and can constrict up to eight enemies at once.


Message History

You hit the kobold.
You kill the kobold!
Fedhas appreciates your contribution to the ecosystem.
You barely miss the jackal. You grab the jackal. You constrict the jackal.
The jackal bites you.
You hit the jackal.
The jackal is moderately wounded.
You constrict the jackal. The jackal bites you.
You hit the jackal but do no damage.
The jackal is heavily wounded.
You constrict the jackal. The jackal completely misses you.
The jackal bites you.
You hit the jackal.
You kill the jackal!
Fedhas appreciates your contribution to the ecosystem.
You hit the jackal. Your grab misses the jackal.
Your squeeze misses the jackal.
The jackal is heavily wounded.
The jackal bites you. x2
You hit the jackal but do no damage. Your grab misses the jackal.
The jackal is moderately wounded.
The jackal bites you.
You closely miss the jackal. Your grab misses the jackal.
The jackal is moderately wounded.
The jackal bites you.
* * * LOW HITPOINT WARNING * * *
You closely miss the jackal. Your grab misses the jackal.
The jackal is moderately wounded.
The jackal closely misses you.
You hit the jackal but do no damage. Your grab misses the jackal.
The jackal is moderately wounded.
The jackal bites you.
* * * LOW HITPOINT WARNING * * *
You hit the jackal. Your grab misses the jackal.
The jackal is severely wounded.
The jackal bites you.
* * * LOW HITPOINT WARNING * * *
The jackal bites you.
You die...
Fedhas appreciates your contribution to the ecosystem.

#..........#..#..#..#.
#.........#...#.. ..#.
#............#.. ...#
#....!(†........ #....
#.....?...............
#####..###.##..##..#..
#......... ......
#.#.##.### #####.
#@#..# ## #h##... #
#r# ##.. #.# .## #.# #
... ... ..... .....


You could see a jackal and a rat.

Vanquished Creatures
  An endoplasm (D:1)
  A giant cockroach (D:1)
  A goblin (D:1)
  A hobgoblin (D:1)
  2 jackals (D:1)
  4 kobolds (D:1)
  2 quokkas (D:1)
  A ball python (D:1)
  A rat (D:1)
14 creatures vanquished.

Notes
Turn   | Place    | Note
-------+----------+-------------------------------------------
     0 | D:1      | xian the Octopode Brigand began the quest for the Orb.
     0 | D:1      | Reached XP level 1. HP: 14/14 MP: 1/1
   380 | D:1      | Reached XP level 2. HP: 19/19 MP: 2/2
   470 | D:1      | Found a faded altar of an unknown god.
   474 | D:1      | Prayed at the altar of an unknown god.
   474 | D:1      | Became a worshipper of Fedhas Madash
   474 | D:1      | Reached * piety under Fedhas
   617 | D:1      | Slain by a jackal

Illustrated notes

Levels and vault maps discovered:
D:1:      minmay_arrival_radiant_lines, layout_rooms,
          shapermc_ecumenical_altar_mp_vishouse, minmay_lizard_pond

Action                   || total
-------------------------++-------
Melee: Dagger            ||    42
       Constrict         ||     8
       Tentacles         ||     3
 Stab: Sleeping          ||     4
Armor: Skin              ||     2
Dodge: Dodged            ||    16
